AoeStats
← Big Matthew

Arabia

509799282Analyzed
1v1 RM · 3d ago on Sep 28, 2026· 62m 46s· 2 players
Game mode
Random Map
Map size
Tiny (2 player)
Population
200
Speed
Normal
Resources
Standard
Victory
Conquest
Starting age
Dark Age
Ending age
Imperial Age
RankedLock teamsTeams togetherTeam positionsShared explorationLock speedFull tech treeHidden civsTurbo modeCheats
Victory
Defeat
🇺🇸 Malians · United States
504
+15
🇺🇸 Franks · United States
492
-15
BenHereB4
9:12 Loom
11:38 Feudal Age
14:05 Forging
20:03 Scale Barding Armor
23:41 Castle Age
22:45 Fletching
23:28 Gold Mining
23:30 Stone Mining
26:40 Wheelbarrow
25:54 Double-Bit Axe
26:41 Chain Barding Armor
29:14 Hand Cart
28:44 Town Watch
34:58 Iron Casting
34:26 Scale Mail Armor
36:17 Bow Saw
38:50 Murder Holes
43:25 Imperial Age
42:31 Fletching
43:30 Cavalier
44:58 Bodkin Arrow
45:04 Padded Archer Armor
46:04 Blast Furnace
45:41 Plate Barding Armor
45:07 Paladin
46:07 Town Patrol
49:01 Leather Archer Armor
52:18 Pikeman
54:06 Hoardings
53:06 Halberdier
53:50 Squires
55:33 Chain Mail Armor
58:53 Hoardings
Big Matthew
7:58 Loom
10:44 Feudal Age
12:46 Horse Collar
20:00 Castle Age
18:53 Forging
18:52 Scale Barding Armor
19:07 Stone Mining
21:17 Heavy Plow
21:03 Double-Bit Axe
21:15 Man-at-Arms
23:12 Long Swordsman
24:12 Gold Mining
25:01 Fervor
26:28 Wheelbarrow
25:43 Town Watch
26:22 Arson
26:43 Squires
27:39 Pikeman
29:28 Treadmill Crane
29:44 Murder Holes
30:02 Fortified Wall
31:50 Murder Holes
37:40 Imperial Age
37:56 Stone Shaft Mining
39:07 Gold Shaft Mining
38:16 Two-Handed Swordsman
39:04 Farimba
39:27 Conscription
39:21 Farimba
39:49 Heavy Camel Rider
41:01 Hand Cart
42:23 Hoardings
43:32 Town Patrol
44:45 Chemistry
44:10 Ballistics
44:15 Bow Saw
45:50 Cavalier
46:31 Husbandry
46:07 Champion
47:10 Bloodlines
46:46 Elite Gbeto
58:52 Masonry
59:00 Forging
58:50 Scale Mail Armor
59:11 Chain Barding Armor
58:41 Fletching
58:51 Padded Archer Armor
63:45 Iron Casting
63:25 Chain Mail Armor
63:08 Bodkin Arrow
63:48 Plate Barding Armor
Connection lost

Rejoining the realm…

Still unreachable

The connection could not be restored.

Session expired

The server has moved on; the page needs a fresh start.